 Dungeon Crawl Stone Soup version 0.16.1-4-g8e1b745 (console) character file.

87 gw the Ducker (level 4, -4/26 HPs)
             Began as a Deep Elf Artificer on Mar 28, 2015.
             Slain by a gnoll
             ... wielding a +0 halberd
              (5 damage)
             ... on level 4 of the Dungeon.
             The game lasted 00:01:06 (1016 turns).

gw the Ducker (Deep Elf Artificer)                  Turns: 1016, Time: 00:01:06

Health: -4/26      AC:  5    Str:  8    XL:     4   Next: 28%
Magic:  10/10      EV: 11    Int: 17    God:
Gold:   25         SH:  0    Dex: 16    Spells: 0 memorised, 3 levels left

rFire  . . .     SeeInvis +     a - +0 short sword
rCold  . . .     Clarity  .     j - +0 ring mail
rNeg   . . .     SustAb   .     (no shield)
rPois  .         Gourm    .     (no helmet)
rElec  .         Spirit   .     (no cloak)
rCorr  .         Warding  .     (no gloves)
rMut   .         Stasis   .     (no boots)
MR     .....                    (no amulet)
Stlth  +.........               (no ring)
                                l - ring of see invisible

@: not resistant to hostile enchantments, very unstealthy
A: no striking features
a: no special abilities


You were on level 4 of the Dungeon.
You were not hungry.

You visited 1 branch of the dungeon, and saw 4 of its levels.

You collected 25 gold pieces.

Inventory:

Hand weapons
 a - a +0 short sword (weapon)
Armour
 j - a +0 ring mail (worn)
Jewellery
 l - a ring of see invisible (left hand)
Magical devices
 b - a wand of flame (11)
 c - a wand of enslavement (14)
 d - a wand of random effects (11)
Scrolls
 e - a scroll of teleportation {unknown}
 h - a scroll of remove curse {unknown}
 i - a scroll of immolation {unknown}
 k - a scroll of enchant weapon {unknown}
Potions
 g - a potion of cure mutation {unknown}
Comestibles
 f - a bread ration


   Skills:
 + Level 1.7 Fighting
 * Level 3.0 Short Blades
 + Level 3.4 Dodging
 - Level 1.2 Stealth
 - Level 3.2 Evocations


You had 3 spell levels left.
You didn't know any spells.

Dungeon Overview and Level Annotations

Branches:
Dungeon (4/15)             Temple (0/1) D:4

Altars:


Message History

The gnoll hits you but does no damage.
Unknown command.
Unknown command.
Unknown command.
Unknown command.
ATTACK MOVE TO (1,0)
You hit the gnoll.
The gnoll is severely wounded.
The gnoll hits you with a halberd. The gnoll hits you.
Unknown command.
Unknown command.
Unknown command.
Unknown command.
Evoke which item? (* to show all) (? for menu, Esc to quit)
Zapping:
c - a wand of enslavement (15)
Press: ? - help, Shift-Dir - straight line, f - gnoll
Aim: a gnoll, wielding a halberd (severely wounded, chance 62%)
The gnoll resists with significant effort.
This wand has 14 charges left.
The gnoll hits you with a halberd.
You die...

..........########
..........##.......##
..........##........ .
#........###.......##..
##.......##...........#
###.#.##.##.8.8.8......
.......%..#..}.}....#
.#..........8.>.8..###
.............}.}eg...#
.##.####....8.8.8g##.....
....# #.............. .
#..## #.......##......
... #................ .##
................. #
...........##...
........... .. ......


You could see 2 gnolls.

Table legend:
 A = Turns spent in this place as a percentage of turns spent in the entire game.
 B = Non-inter-level travel turns spent in this place as a percentage of non-inter-level travel turns spent in the entire game.
 C = Inter-level travel turns spent in this place as a percentage of turns spent in this place.
 D = Turns resting spent in this place as a percentage of non-inter-level travel turns spent in this place.
 E = Turns spent auto-exploring this place as a percentage of non-inter-level travel turns spent in this place.
 F = Non-inter-level travel turns spent in this place divided by the number of levels of this place that you've seen.
                   A       B       C       D       E      F
               +-------+-------+-------+-------+-------+----------------------
         Total | 100.0 | 100.0 |   2.0 |   1.5 |   1.7 | 376.5
       Dungeon | 100.0 | 100.0 |   2.0 |   1.5 |   1.7 | 376.5
               +-------+-------+-------+-------+-------+----------------------

Table legend:
 A = Kills in this place as a percentage of kills in entire the game.
 B = Kills by you in this place as a percentage of kills by you in the entire game.
 C = Kills by friends in this place as a percentage of kills by friends in the entire game.
 D = Other kills in this place as a percentage of other kills in the entire game.
 E = Experience gained in this place as a percentage of experience gained in the entire game.
 F = Experience gained in this place divided by the number of levels of this place that you have seen.
                   A       B       C       D       E      F
               +-------+-------+-------+-------+-------+----------------------
         Total | 100.0 | 100.0 |  -nan |  -nan | 100.0 |  31.2
       Dungeon | 100.0 | 100.0 |  -nan |  -nan | 100.0 |  31.2
               +-------+-------+-------+-------+-------+----------------------

Vanquished Creatures
  The ghost of gw the Ducker, an average DEAr of Makhleb (D:4)
  A ball python (D:4)
  A giant cockroach (D:1)
  3 goblins
  3 jackals (D:1)
  3 bats
  2 giant newts (D:1)
  7 rats
21 creatures vanquished.

Notes
Turn   | Place    | Note
--------------------------------------------------------------
     0 | D:1      | gw, the Deep Elf Artificer, began the quest for the Orb.
     0 | D:1      | Reached XP level 1. HP: 11/11 MP: 2/2
   114 | D:1      | Reached skill level 1 in Fighting
   643 | D:1      | Reached XP level 2. HP: 13/16 MP: 5/5
   823 | D:4      | Noticed gw's ghost (average DEAr)
   827 | D:4      | Killed gw's ghost
   827 | D:4      | Reached XP level 3. HP: 19/21 MP: 7/7
   827 | D:4      | Reached XP level 4. HP: 23/26 MP: 10/10
  1003 | D:4      | Found a staircase to the Ecumenical Temple.
  1015 | D:4      | HP: 1/26 [gnoll (4)]
  1016 | D:4      | Slain by a gnoll

Action                   |  1- 3 |  4- 6 || total
-------------------------+-------+-------++-------
Melee: Short sword       |    40 |    21 ||    61
Evoke: Wand              |     7 |     2 ||     9
 Stab: Sleeping          |     1 |       ||     1

Vault maps used:
D:1:      dpeg_arrival_snail
D:2:      serial_corexii_hall, corexii_hall_statues_l, corexii_hall_statues_s,
          minmay_rat_gold_closets
D:3:      amethyst_overflow_temple_binary, uniq_grinder
D:4:      minmay_temple_entry_statues_fountains, first_bread,
          corexii_hall_statues_s, uniq_menkaure
